Map: Deathaura LE

Players

Drunkwapper

  • Race: Protoss Protoss
  • League: Silver
  • Spawn Location: 5:00

Duke - Winner!

  • Race: Terran Terran
  • League: Silver
  • Spawn Location: 11:00

VOD

Have the link to the VOD?

Description

Time

  • Played on: Aug. 24, 2020, 7:16 p.m.
  • Length: 11:12
Show
View Real Time Build Order
Export as new Build Order

Drunkwapper Protoss 

Build Orders:  

Get SALT Encoding   

  12  0:10  Probe  
  13  0:16  Pylon  
  13  0:34  Probe  
  14  0:47  Probe (Chrono Boost), Forge  
  16  0:59  Probe (Chrono Boost)  
  16  1:07  Probe (Chrono Boost)  
  17  1:14  Probe (Chrono Boost)  
  17  1:17  Pylon  
  18  1:42  Photon Cannon  
  18  2:07  Assimilator  
  16  2:30  Gateway  
  16  2:32  Gateway  
  16  2:43  Assimilator  
  16  2:46  Assimilator  
  16  2:51  Pylon  
  16  3:02  Probe  
  17  3:14  Probe  
  18  3:26  Probe  
  19  3:37  Cybernetics Core  
  19  3:38  Probe  
  20  3:50  Probe  
  21  4:03  Probe  
  22  4:15  Probe  
  23  4:22  Warp Gate  
  23  4:27  Probe  
  24  4:31  Pylon x2  
  24  4:33  Stalker (Chrono Boost)  
  26  4:54  Stalker  
  28  5:05  Robotics Facility  
  28  5:10  Twilight Council  
  28  5:24  Stalker  
  30  5:54  Stalker  
  32  5:59  Warp Prism  
  32  6:00  Dark Shrine  
  34  6:19  Nexus  
  34  6:24  Stalker (Chrono Boost)  
  36  6:26  Pylon x2  
  36  6:28  Pylon  
  36  7:37  Dark Templar  
  36  7:38  Dark Templar  
  40  7:47  Gateway x2  
  40  7:50  Gateway  
  40  7:54  Pylon x2  
  40  8:11  Dark Templar x2  
  36  8:32  Blink  
  36  8:38  Probe  
  37  8:48  Dark Templar  
  37  8:49  Dark Templar x3  
  37  8:50  Probe  
  46  9:02  Probe  
  45  9:14  Probe  
  46  9:27  Probe  
  39  9:51  Pylon  
  39  9:53  Pylon  
  39  9:58  Assimilator  
  39  10:00  Assimilator  
  39  10:07  Probe  
  40  10:19  Probe  
  35  10:31  Probe  
  35  10:33  Dark Templar x3  
  35  10:34  Dark Templar x2  
Show
View Real Time Build Order
Export as new Build Order

Duke Terran - Winner!

Build Orders:  

Get SALT Encoding   

  12  0:01  SCV  
  13  0:15  Supply Depot  
  13  0:18  SCV  
  14  0:30  SCV  
  15  0:41  Barracks  
  15  0:42  SCV  
  16  0:54  Refinery  
  16  0:58  SCV  
  17  1:10  SCV  
  18  1:22  SCV  
  19  1:34  Bunker, Marine  
  20  1:51  Marine  
  21  2:04  Barracks  
  21  2:09  Marine  
  22  2:27  Marine  
  23  2:37  Command Center, Supply Depot  
  23  2:53  Supply Depot  
  23  2:59  Barracks Tech Lab  
  23  3:01  Barracks Reactor  
  23  3:04  Orbital Command  
  23  3:19  Factory, Stimpack  
  23  3:24  Marauder  
  25  3:38  SCV  
  26  3:46  Marauder  
  28  3:49  Refinery  
  28  3:50  SCV  
  29  3:56  Engineering Bay  
  29  4:02  SCV  
  30  4:04  Factory Tech Lab  
  30  4:14  SCV  
  31  4:20  Marine  
  31  4:21  Marine, Marauder  
  35  4:26  SCV  
  36  4:38  Marine  
  36  4:39  Marine  
  36  4:42  Marauder  
  36  4:43  Orbital Command  
  36  4:44  SCV  
  41  4:47  Terran Infantry Weapons Level 1  
  41  4:56  SCV, Marine  
  41  4:57  Marine  
  41  4:58  Combat Shield  
  44  5:03  Marine  
  45  5:08  SCV  
  45  5:11  Cyclone  
  49  5:14  Marine x2  
  49  5:17  SCV  
  49  5:20  SCV  
  49  5:21  Marine  
  54  5:26  Supply Depot  
  54  5:30  Supply Depot  
  54  5:33  Mag-Field Accelerator  
  54  5:47  Supply Depot  
  54  5:48  SCV x2  
  56  5:51  Supply Depot  
  56  5:52  Supply Depot  
  56  6:00  SCV x2  
  58  6:08  Starport  
  58  6:12  SCV  
  58  6:17  Concussive Shells  
  59  6:19  SCV  
  59  6:23  Command Center, Refinery  
  59  6:24  SCV  
  61  6:28  Refinery  
  61  6:31  SCV  
  62  6:33  Cyclone  
  62  6:36  SCV, Marauder  
  68  6:41  Terran Infantry Armor Level 1  
  68  6:43  SCV  
  69  6:48  SCV  
  70  6:55  SCV  
  70  6:58  Marauder  
  70  7:00  SCV, Medivac  
  76  7:05  Marine  
  76  7:06  Marine  
  76  7:07  SCV  
  79  7:12  SCV  
  80  7:19  SCV, Marine  
  80  7:22  Armory  
  82  7:23  Marine x2  
  82  7:24  SCV  
  85  7:30  Medivac  
  85  7:31  SCV  
  85  7:36  SCV, Marine  
  90  7:41  Marine x2, Cyclone  
  90  7:44  SCV  
  96  7:48  SCV  
  97  7:55  Marauder  
  97  7:56  SCV  
  100  7:59  Marine x2  
  100  8:01  Starport Tech Lab  
  102  8:10  Starport  
  102  8:13  Cyclone  
  102  8:16  Marauder  
  102  8:17  Marine x2  
  109  8:34  Command Center  
  109  8:41  Missile Turret  
  109  8:45  Missile Turret  
  95  9:29  Raven  
  95  9:30  Marauder  
  94  9:37  Command Center  
  94  9:43  Supply Depot x2  
  94  9:45  Supply Depot  
  94  9:48  Supply Depot  
  94  9:57  Starport Tech Lab  
  94  10:04  Marine  
  94  10:05  Orbital Command  
  95  10:08  Supply Depot  
Tags
 
Add a new tag
Caveats
  • Supply blocks, unpowered buildings, or Contaminate may cause inaccurate times.
  • Supply counts are checked every 10 seconds.